AoeStats
← Doak

African Clearing

506529823Analyzed
4v4 RM · 18d ago on Sep 13, 2026· 30m 16s· 8 players
Game mode
Random Map
Map size
Large (8 player)
Population
200
Speed
Normal
Resources
Standard
Victory
Conquest
Starting age
Dark Age
Ending age
Imperial Age
RankedLock teamsTeams togetherTeam positionsShared explorationLock speedFull tech treeHidden civsTurbo modeCheats
Victory
Defeat
🇺🇸 Spanish · United States
1506
+10
🇺🇸 Mongols · United States
1425
+13
🇬🇧 Koreans · United Kingdom
1397
+14
🇺🇸 Huns · United States
1375
+16
🇧🇷 Koreans · Brazil
1408
-15
🇧🇷 Mongols · Brazil
1401
-15
🇧🇷 Vietnamese · Brazil
1344
-12
🇨🇴 Huns · Colombia
1313
-11
Franco
2:51 Loom
12:25 Feudal Age
14:26 Scale Barding Armor
14:55 Double-Bit Axe
17:09 Forging
22:05 Castle Age
20:33 Gold Mining
23:26 Chain Barding Armor
26:33 Bloodlines
1 dollar bill
6:31 Loom
12:30 Feudal Age
20:23 Castle Age
19:48 Double-Bit Axe
19:45 Horse Collar
28:20 Scale Barding Armor
28:02 Light Cavalry
29:24 Forging
29:33 Husbandry
30:09 Chain Barding Armor
30:34 Bow Saw
Fs.Ze bolacha
4:33 Loom
14:19 Feudal Age
17:11 Fletching
25:18 Castle Age
24:05 Double-Bit Axe
26:52 Bow Saw
27:32 Bodkin Arrow
SATOLEP
3:21 Loom
13:33 Feudal Age
22:53 Castle Age
24:30 Scale Barding Armor
27:56 Bloodlines
29:06 Husbandry
el_Feist
12:55 Feudal Age
11:36 Loom
13:36 Double-Bit Axe
17:03 Castle Age
16:42 Forging
16:51 Bloodlines
21:33 Fletching
22:37 Fishing Lines
23:26 Horse Collar
26:20 Bodkin Arrow
26:50 Gold Mining
28:07 Heavy Plow
29:30 Gold Shaft Mining
30:03 Husbandry
30:34 Ballistics
Thundernips, The Ultimate Gigolo
9:38 Loom
13:23 Feudal Age
16:35 Town Watch
19:25 Castle Age
21:12 Wheelbarrow
21:43 Double-Bit Axe
22:32 Double-Bit Axe
27:35 Bow Saw
29:58 Husbandry
Doak
10:51 Loom
13:24 Feudal Age
17:03 Castle Age
15:25 Stone Mining
23:33 Fletching
25:53 Double-Bit Axe
29:35 Bodkin Arrow
some.spiced.ham
10:23 Loom
12:09 Feudal Age
10:27 Loom
19:02 Castle Age
17:22 Fletching
25:10 Ballistics
26:58 Bodkin Arrow
30:26 Husbandry
30:36 Bloodlines
Connection lost

Rejoining the realm…

Still unreachable

The connection could not be restored.

Session expired

The server has moved on; the page needs a fresh start.